 Dungeon Crawl Stone Soup version 0.30-a0-728-gc68057be0a (webtiles) character file.

Game seed: 4576233912157107621

4545 funkygono the Arsonist (level 10, -4/53 HPs)
             Began as a Gargoyle Fire Elementalist on Jan 31, 2023.
             Was a Follower of Vehumet.
             Slain by a human
             ... wielding a +2 heavy hand axe
              (14 damage)
             ... in a bailey.
             The game lasted 00:13:59 (8773 turns).

funkygono the Arsonist (Gargoyle Fire Elementalist) Turns: 8773, Time: 00:14:00

Health: -4/53      AC:  9    Str: 13    XL:     10   Next: 40%
Magic:  12/22      EV: 17    Int: 25    God:    Vehumet [*.....]
Gold:   381        SH:  0    Dex: 10    Spells: 16/26 levels left

rFire   . . .      SeeInvis .    A - +2 flail (heavy)
rCold   . . .      Faith    .    (no shield)
rNeg    + . .      Spirit   .    a - +0 robe
rPois   ∞          Reflect  .    (no helmet)
rElec   +          Harm     .    (no cloak)
rCorr   .          Rampage  .    (no gloves)
Will    .....                    (no boots)
Stlth   ++                       (no amulet)
HPRegen 0.28/turn                l - +6 ring of intelligence
MPRegen 0.18/turn                n - +5 ring of evasion

@: no status effects
A: sickness immunity, AC +7, negative energy resistance 1, electricity
resistance, torment resistance 1, petrification resistance
a: Renounce Religion


You were in a bailey.
You worshipped Vehumet.
Vehumet was aware of your devotion.
You visited 2 branches of the dungeon, and saw 9 of its levels.
You also visited: Bailey.

You collected 381 gold pieces.

Inventory:

Hand Weapons
 c - a +0 club
 v - a +0 whip
 A - a +2 heavy flail (weapon)
 B - a +0 flail
 L - a +3 dire flail of holy wrath
 O - a +3 falchion of freezing
Armour
 a - a +0 robe (worn)
 d - an orb of wrath
 e - a +0 crystal plate armour
 M - a +1 scale mail of willpower
Magical Staves
 s - a staff of cold
 J - a staff of air
Jewellery
 l - a +6 ring of intelligence (left hand)
 n - a +5 ring of evasion (right hand)
 D - a ring of see invisible
Wands
 p - a wand of iceblast (19)
 y - a wand of charming (10)
 Q - a wand of flame (12)
Scrolls
 g - 2 scrolls of vulnerability {unknown}
 h - 2 scrolls of amnesia {unknown}
 i - 6 scrolls of identify {unknown}
 j - 3 scrolls of magic mapping {unknown}
 o - 5 scrolls of teleportation {unknown}
 q - 2 scrolls of noise {unknown}
 r - 2 scrolls of blinking {unknown}
 u - 2 scrolls of fog {unknown}
 F - a scroll of silence {unknown}
 G - 2 scrolls of enchant armour {unknown}
 I - a scroll of poison {unknown}
 N - a scroll of fear {unknown}
 P - a scroll of immolation {unknown}
 R - a scroll of enchant weapon {unknown}
 S - a scroll of acquirement {unknown}
Potions
 f - 3 potions of might {unknown}
 k - 2 potions of resistance {unknown}
 m - a potion of heal wounds {unknown}
 t - 2 potions of degeneration {unknown}
 w - 2 potions of curing {unknown}
 x - 4 potions of mutation {unknown}
 z - a potion of attraction {unknown}
 C - 2 potions of haste {unknown}
 E - 2 potions of lignification {unknown}
 H - 2 potions of ambrosia {unknown}
 K - a potion of brilliance {unknown}


   Skills:
 + Level 1.7 Fighting
 + Level 1.2 Maces & Flails
 + Level 3.0 Dodging
 - Level 2.1 Stealth
 + Level 8.9 Spellcasting
 + Level 7.2 Conjurations
 + Level 9.2 Fire Magic


You had 16 spell levels left.
You knew the following spells:

 Your Spells              Type           Power      Damage    Failure   Level
a - Foxfire               Conj/Fire      100%       2x1d9     1%          1
b - Scorch                Fire           100%       2d10      1%          2
c - Kindle Blastsparks    Fire/Tloc/Air  52%        2d14      4%          3
d - Flame Wave            Conj/Fire      51%        2d13      1%          4

Your spell library contained the following spells:

 Spells                   Type           Power      Damage    Failure   Level
 Freeze                   Ice            44%        1d6       5%          1
 Sticky Flame             Conj/Fire      51%        2d7       1%          4
 Inner Flame              Hex/Fire       34%        N/A       2%          3


Dungeon Overview and Level Annotations

Branches:
Dungeon (8/15)             Temple (1/1) D:7          Bailey (1/1)
   Lair: D:8-11

Altars:
Cheibriados
Elyvilon
Hepliaklqana
Kikubaaqudgha
Nemelex Xobeh
Qazlal
Ru
Sif Muna
Trog
Vehumet
Wu Jian
Yredelemnul
Zin

Shops:
D:5 ?

Annotations:
D:3 3 runed translucent doors, initializr's ghost, amateur KoBr


Innate Abilities, Weirdness & Mutations

You are immune to sickness and miasma.
Your stone body is resilient. (AC +7)
You are immune to poison.
You resist negative energy. (rN+)
You are resistant to electric shocks. (rElec)
You are resistant to unholy torment.
You are immune to petrification.


Message History

You hear a shout!
You hear a croak.
You hear a loud, deep croak!
The human misses you.
Something unseen opens the door.
Your Dodging skill increases to level 3!
Unknown command.
A wave of flame ripples out!
The flame wave engulfs the human.
The human is moderately wounded.
The flame wave engulfs the hobgoblin!
You kill the hobgoblin!
Vehumet accepts your kill.
A bullfrog comes into view.
The human barely misses you.
A wave of flame ripples out!
The flame wave engulfs the human.
The human is moderately wounded.
The flame wave engulfs the bullfrog!
The bullfrog is almost dead.
The flame wave engulfs the orc warrior.
The orc warrior is lightly wounded.
You finish channelling waves of flame.
You hear a croak.
Casting: Flame Wave (dangerous; 1% risk of failure)
Confirm with . or Enter, or press ? or * to list all spells.
Casting: Flame Wave (dangerous; 1% risk of failure)
Press: ? - help, Dir - look around, f - activate A wave of flame ripples out!
The flame wave engulfs the bullfrog!!
You kill the bullfrog!
Vehumet accepts your kill.
The flame wave engulfs the human!
The human is severely wounded. (Press . to intensify the flame waves.)
A bullfrog comes into view.
The human hits you with a +2 heavy hand axe!
* * * LOW HITPOINT WARNING * * *
The bullfrog moves out of view.
Unknown command.
A wave of flame ripples out!
The flame wave engulfs the human!
The human is almost dead.
The flame wave engulfs the orc warrior!
The orc warrior is moderately wounded.
The human hits you with a +2 heavy hand axe!
You die...

#####
##...##
#.....#
#.∩.∩.#
#.....#
##.)@##
#'#p#
§F #o)
~~~
#.).
#~~
#...#
##
#...#
##..#
..#


You could see a human, an orc warrior and a bullfrog.

Vanquished Creatures
  Grinder (D:6)
  Sigmund (D:6)
  6 humans (Bailey)
  Edmund (D:6)
  A water moccasin (D:5)
  2 orc warriors
  2 black bears
  An ice beast (D:5)
  4 sky beasts
  3 ogres (D:5)
  A phantom (D:4)
  Blork the orc (D:6)
  3 necrophages
  3 bullfrogs
  A scorpion (D:5)
  4 wights (D:7)
  9 killer bees (D:7)
  2 howler monkeys (D:7)
  6 orc priests
  2 hounds
  3 jellies
  2 iguanas
  Terence (D:3)
  7 orc wizards
  4 gnolls
  7 adders
  A shadow imp (D:7)
  An ufetubus (D:5)
  2 worms (D:2)
  3 dart slugs (D:3)
  27 orcs
  4 endoplasms
  3 giant cockroaches
  15 goblins
  12 hobgoblins
  3 jackals (D:4)
  A quokka (D:1)
  6 ball pythons
  5 bats
  5 frilled lizards
  9 kobolds
  5 rats
180 creatures vanquished.

Vanquished Creatures (collateral kills)
  A foxfire (D:1)
1 creature vanquished.

Vanquished Creatures (others)
  554 foxfires
554 creatures vanquished.

Grand Total: 735 creatures vanquished

Notes
Turn   | Place    | Note
-------+----------+-------------------------------------------
     0 | D:1      | funkygono the Gargoyle Fire Elementalist began the quest
                  | for the Orb.
     0 | D:1      | Reached XP level 1. HP: 10/10 MP: 3/3
     6 | D:1      | Noticed a redback
     6 | D:1      | Noticed a water moccasin
     6 | D:1      | Noticed a swamp worm
     7 | D:1      | Noticed a wolf
     7 | D:1      | Noticed a polar bear
   422 | D:1      | Reached XP level 2. HP: 15/15 MP: 3/5
   468 | D:1      | Learned a level 2 spell: Scorch
   876 | D:1      | You fall into a shaft and drop 1 floor!
  1124 | D:2      | Found a sacrificial altar of Ru.
  1295 | D:2      | Reached XP level 3. HP: 19/19 MP: 4/6
  1299 | D:2      | Learned a level 3 spell: Kindle Blastsparks
  2200 | D:3      | Reached skill level 4 in Fire Magic
  2200 | D:3      | Reached XP level 4. HP: 24/24 MP: 4/7
  2265 | D:3      | Found a runed translucent gate.
  2266 | D:3      | Found a runed translucent gate.
  2267 | D:3      | Noticed initializr's ghost (amateur KoBr)
  2268 | D:3      | Found a runed translucent gate.
  2269 | D:3      | Noticed a kobold brigand
  2554 | D:3      | Noticed Terence
  2562 | D:3      | Killed Terence
  2712 | D:3      | Noticed a necrophage
  2719 | D:3      | Killed a necrophage
  2720 | D:3      | Reached XP level 5. HP: 28/28 MP: 3/10
  2725 | D:3      | Learned a level 4 spell: Flame Wave
  3693 | D:4      | Noticed an orc warrior
  3701 | D:3      | Killed an orc warrior
  3702 | D:3      | Reached XP level 6. HP: 9/32 MP: 0/12
  4098 | D:4      | Reached skill level 5 in Fire Magic
  4199 | D:4      | Reached XP level 7. HP: 36/36 MP: 8/14
  4841 | D:5      | Entered Level 5 of the Dungeon
  4841 | D:5      | Found Oxius's Magic Scroll Boutique.
  4848 | D:5      | Reached skill level 5 in Spellcasting
  5062 | D:5      | Reached skill level 6 in Fire Magic
  5191 | D:5      | Reached XP level 8. HP: 41/41 MP: 13/16
  5955 | D:6      | Noticed Grinder
  5977 | D:6      | Killed Grinder
  5978 | D:6      | Reached skill level 7 in Fire Magic
  6047 | D:6      | Noticed Sigmund
  6053 | D:6      | Killed Sigmund
  6144 | D:6      | Reached skill level 5 in Conjurations
  6144 | D:6      | Reached XP level 9. HP: 46/46 MP: 12/19
  6262 | D:6      | Noticed Blork the orc
  6267 | D:6      | Killed Blork the orc
  6450 | D:6      | Noticed Edmund
  6458 | D:6      | Killed Edmund
  6713 | D:6      | Found an ancient bone altar of Kikubaaqudgha.
  6735 | D:6      | Reached skill level 8 in Fire Magic
  7153 | D:7      | Reached skill level 1 in Fighting
  7267 | D:7      | Found a staircase to the Ecumenical Temple.
  7277 | Temple   | Entered the Ecumenical Temple
  7294 | Temple   | Became a worshipper of Vehumet
  7569 | D:7      | Reached skill level 1 in Maces & Flails
  8132 | D:7      | Found an ornate altar of the Wu Jian Council.
  8261 | D:7      | Reached * piety under Vehumet
  8261 | D:7      | Offered knowledge of Freeze by Vehumet.
  8262 | D:7      | Reached XP level 10. HP: 53/53 MP: 16/22
  8263 | D:7      | Reached skill level 9 in Fire Magic
  8486 | D:8      | Found a stormy altar of Qazlal.
  8713 | D:8      | Found a flagged portal.
  8741 | Bailey   | Entered a bailey
  8773 | Bailey   | Slain by a human

Illustrated notes

Levels and vault maps discovered:
D:1:      onia_arrival_zoo_common, layout_basic, serial_forest,
          infiniplex_forest_diagonal, infiniplex_forest_fountain,
          infiniplex_forest_clump_tiny, infiniplex_forest_diagonal,
          infiniplex_forest_clump_double, infiniplex_forest_end_2,
          infiniplex_forest_clump_tiny, infiniplex_forest_lined_room_
D:2:      layout_basic, basic_altar, grunt_decor_mini_mirrors,
          minmay_misc_feat_hallway
D:3:      layout_basic, gammafunk_ghost_nasty_kobolds,
          minmay_misc_feat_four_crosses, minmay_goblin_outpost, uniq_terence
D:4:      nicolae_BIG_FREAKIN_CUBE, layout_loops_ring
D:5:      layout_rooms, serial_shops, nicolae_take_the_stairs
D:6:      layout_loops_ring, kiku_gazebo_pond_becter, grunt_decor_arrowhead,
          kennysheep_decorative_pillar, minmay_misc_feat_rugged,
          dk_noncrumbling_2, uniq_grinder, uniq_edmund, uniq_blork_the_orc,
          uniq_sigmund
D:7:      layout_loops_ring, nicolae_wu_jian_immortal_techniques, temple_hall,
          eino_jars
D:8:      layout_layer_cave, mainiacjoe_overflow_alcove_2, tso_metal_star,
          enter_bailey_4, nicolae_titane
Temple:   zaba_magenta_temple
Bailey:   bailey_axe_froggy_fort_hellmonk, bailey

Skill      XL: |  1  2  3  4  5  6  7  8  9 10 |
---------------+-------------------------------+-----
Fire Magic     | 4 5 6 7 8 9 |  9.2
Conjurations   | 2 3 5 6 7 |  7.2
Spellcasting   | 3 4 5 6 8 |  8.9
Dodging        | 2 3 |  3.0
Fighting       | 1 |  1.7
Maces & Flails | 1 |  1.2
Stealth        | |  2.1

Action                     |  1- 3 |  4- 6 |  7- 9 | 10-12 || total
---------------------------+-------+-------+-------+-------++-------
  Melee: Club              |     1 |       |       |       ||     1
         Flail             |       |     6 |    10 |     7 ||    23
   Cast: Foxfire           |    65 |    90 |   174 |    11 ||   340
         Scorch            |     4 |    12 |    36 |     2 ||    54
         Flame Wave        |       |       |     6 |     5 ||    11
    Use: Potion            |       |       |       |     1 ||     1
 Armour: Robe              |    12 |    13 |     8 |     2 ||    35
  Dodge: Dodged            |    15 |    48 |    63 |    22 ||   148

Table legend: (Time is in decaauts)
 A = Elapsed time spent in this place.
 B = Non-inter-level travel time spent in this place.
 C = Inter-level travel time spent in this place.
 D = Time resting spent in this place.
 E = Time spent auto-exploring this place.
 F = Levels seen in this place.
 G = Mean time per level.
                   A        B        C        D        E       F      G
               +--------+--------+--------+--------+--------+-----+--------+
         Total |   8797 |   8619 |    178 |    275 |   7109 |  10 |  879.7 |
       Dungeon |   8679 |   8520 |    159 |    275 |   7062 |   8 | 1084.9 |
        Temple |     78 |     59 |     19 |      0 |     47 |   1 |   78.0 |
        Bailey |     38 |     38 |      0 |      0 |      0 |   1 |   38.0 |
               +--------+--------+--------+--------+--------+-----+--------+

Top non-repeatable levels by time:
     D:3: 1743 daAuts
     D:7: 1334 daAuts
     D:2: 1259 daAuts
     D:6: 1196 daAuts
     D:5: 1019 daAuts
     D:4: 969 daAuts
     D:1: 875 daAuts
     D:8: 281 daAuts
  Temple: 78 daAuts
  Bailey: 38 daAuts
